MLB
CLEVELAND GUARDIANS @ SAN FRANCISCO GIANTS
07/10/2041
 
TOP OF THE 1ST
Cleveland Guardians batting - Pitching for San Francisco Giants : LHP Jerry Franklin
Pitching: LHP Jerry Franklin
Batting: LHB José Consiglio 0-0: Called Strike
0-1: Foul Ball, location: 7LMF
0-2: Ball
1-2: Fly out, F7 (Flyball, 7LD, EV 95.6 MPH)
Batting: RHB José Rodríguez 0-0: Fly out, F9 (Line Drive, 9S, EV 93.1 MPH)
Batting: RHB Wilfred Sanders 0-0: Called Strike
0-1: Fly out, F3 (Popup, 34, EV 78.8 MPH)
Top of the 1st over - 0 runs, 0 hits, 0 errors, 0 left on base; Cleveland 0 - San Francisco 0
BOTTOM OF THE 1ST
San Francisco Giants batting - Pitching for Cleveland Guardians : RHP Alex Mills
Pitching: RHP Alex Mills
Batting: LHB Deron Ferrell 0-0: Called Strike
0-1: Ground out 3-1 (Groundball, 34S, EV 90.0 MPH)
Batting: LHB Paolo Pacheco 0-0: Ground out U3 (Groundball, 3, EV 89.4 MPH)
Batting: RHB Pat Rice 0-0: Called Strike
0-1: Ball
1-1: Ball
2-1: Foul Ball, location: 2F
2-2: Strikes out swinging
Bottom of the 1st over - 0 runs, 0 hits, 0 errors, 0 left on base; Cleveland 0 - San Francisco 0
TOP OF THE 2ND
Cleveland Guardians batting - Pitching for San Francisco Giants : LHP Jerry Franklin
Batting: RHB Jeff Jacobs 0-0: Ball
1-0: Ball
2-0: Called Strike
2-1: Ball
3-1: Ground out 2-3 (Groundball, 15S, EV 75.6 MPH)
Batting: LHB Jesús Garza 0-0: Called Strike
0-1: Ball
1-1: Swinging Strike
1-2: Ball
2-2: Fly out, F9 (Flyball, 9S, EV 85.6 MPH)
Batting: RHB Jorge Velázquez 0-0: Ball
1-0: Called Strike
1-1: Ball
2-1: Ball
3-1: Fly out, F7 (Line Drive, 7, EV 101.3 MPH)
Top of the 2nd over - 0 runs, 0 hits, 0 errors, 0 left on base; Cleveland 0 - San Francisco 0
BOTTOM OF THE 2ND
San Francisco Giants batting - Pitching for Cleveland Guardians : RHP Alex Mills
Batting: LHB Mario Mendoza 0-0: Called Strike
0-1: Called Strike
0-2: Ball
1-2: Strikes out swinging
Batting: LHB Jeremy Price 0-0: Called Strike
0-1: DOUBLE (Line Drive, 78D, EV 104.4 MPH)
Batting: RHB Lou MacDonald 0-0: Called Strike
0-1: Ball
1-1: Called Strike
1-2: Ball
2-2: Foul Ball, location: 9LDF
2-2: Strikes out swinging
Batting: RHB José Solís 0-0: Foul Ball, location: 3SF
0-1: Ground out 5-3 (Groundball, 56, EV 102.5 MPH)
Bottom of the 2nd over - 0 runs, 1 hit, 0 errors, 1 left on base; Cleveland 0 - San Francisco 0
TOP OF THE 3RD
Cleveland Guardians batting - Pitching for San Francisco Giants : LHP Jerry Franklin
Batting: SHB Tim Webster 0-0: Foul Ball, location: 2F
0-1: Ball
1-1: Ball
2-1: SINGLE (Popup, 5D, EV 53.1 MPH)
Batting: LHB Juan Morales 0-0: Called Strike
0-1: Ball
1-1: Ball
2-1: Ball
3-1: Base on Balls
Tim Webster to second
Batting: RHB Faust Ghisolfi 0-0: Ball
1-0: Ball
2-0: Ball
3-0: Called Strike
3-1: Foul Ball, location: 9LMF
3-2: Base on Balls
Tim Webster to third
Juan Morales to second
Batting: LHB José Consiglio 0-0: Swinging Strike
0-1: Foul Ball, location: 7LSF
0-2: Ball
1-2: Ball
2-2: Ball
3-2: Base on Balls
Tim Webster scores
Juan Morales to third
Faust Ghisolfi to second
Batting: RHB José Rodríguez 0-0: Ball
1-0: Grounds into double play, 4-6-3 (Groundball, 4, EV 80.6 MPH)
Juan Morales scores
Faust Ghisolfi to third
Batting: RHB Wilfred Sanders 0-0: Foul Ball, location: 9LMF
0-1: Ball
1-1: Foul Ball, location: 9LMF
1-2: Foul Ball, location: 3DF
1-2: SINGLE (Popup, 15, EV 83.8 MPH)
Faust Ghisolfi scores
Batting: RHB Jeff Jacobs 0-0: Called Strike
0-1: Fly out, F9 (Flyball, 9D, EV 97.5 MPH)
Top of the 3rd over - 3 runs, 2 hits, 0 errors, 1 left on base; Cleveland 3 - San Francisco 0
BOTTOM OF THE 3RD
San Francisco Giants batting - Pitching for Cleveland Guardians : RHP Alex Mills
Batting: RHB Anastasio Ramos 0-0: DOUBLE (Flyball, 89D, EV 91.9 MPH)
Batting: RHB Ron Account 0-0: Ball
1-0: Called Strike
1-1: Foul Ball, location: 23F
1-2: Ball
2-2: Strikes out looking
Batting: LHB Deron Ferrell 0-0: Ball
1-0: Ball
2-0: Called Strike
2-1: Called Strike
2-2: Foul Ball, location: 2F
2-2: Ball
3-2: Foul Ball, location: 9LDF
3-2: Foul Ball, location: 2F
3-2: Base on Balls
Batting: LHB Paolo Pacheco 0-0: Ball
1-0: Swinging Strike
1-1: Ball
2-1: Ball
3-1: Base on Balls
Anastasio Ramos to third
Deron Ferrell to second
Batting: RHB Pat Rice 0-0: Foul Ball, location: 25F
0-1: Ball
1-1: DOUBLE (Flyball, 8LD, EV 86.3 MPH)
Anastasio Ramos scores
Deron Ferrell scores
Paolo Pacheco to third
Batting: LHB Mario Mendoza 0-0: Hit by Pitch
Batting: LHB Jeremy Price 0-0: Grounds into double play, 4-6-3 (Groundball, 4, EV 87.5 MPH)
Bottom of the 3rd over - 2 runs, 2 hits, 0 errors, 2 left on base; Cleveland 3 - San Francisco 2
TOP OF THE 4TH
Cleveland Guardians batting - Pitching for San Francisco Giants : LHP Jerry Franklin
Batting: LHB Jesús Garza 0-0: Ground out 6-3 (Groundball, 56, EV 104.4 MPH)
Batting: RHB Jorge Velázquez 0-0: SINGLE (Groundball, 6MD, EV 103.8 MPH)
Batting: SHB Tim Webster 0-0: Swinging Strike
0-1: Ball
1-1: Foul Ball, location: 9LSF
1-2: Foul Ball, location: 2F
1-2: Ball
2-2: Ball
3-2: Foul Ball, location: 3DF
3-2: Foul Ball, location: 5F
3-2: Fly out, F6 (Popup, 4M, EV 62.5 MPH)
Batting: LHB Juan Morales 0-0: Ball
1-0: DOUBLE (Line Drive, 89M, EV 99.4 MPH)
Jorge Velázquez to third
Batting: RHB Faust Ghisolfi 0-0: Ball
1-0: Foul Ball, location: 2F
1-1: Called Strike
1-2: Ball
2-2: Ball
3-2: Ground out 3-1 (Groundball, 34, EV 105.0 MPH)
Top of the 4th over - 0 runs, 2 hits, 0 errors, 2 left on base; Cleveland 3 - San Francisco 2
BOTTOM OF THE 4TH
San Francisco Giants batting - Pitching for Cleveland Guardians : RHP Alex Mills
Batting: RHB Lou MacDonald 0-0: Ball
1-0: Foul Ball, location: 9LMF
1-1: Fly out, F9 (Line Drive, 89M, EV 101.9 MPH)
Batting: RHB José Solís 0-0: Foul Ball, location: 7LSF
0-1: Fly out, F8 (Flyball, 8RD, EV 100.6 MPH)
Batting: RHB Anastasio Ramos 0-0: Called Strike
0-1: Called Strike
0-2: Ball
1-2: Ball
2-2: SINGLE (Groundball, 4MD, EV 108.8 MPH)
Batting: RHB Ron Account 0-0: Called Strike
0-1: Ball
1-1: Foul Ball, location: 2F
1-2: SINGLE (Groundball, 4, EV 105.0 MPH)
Anastasio Ramos to second
Batting: LHB Deron Ferrell 0-0: Swinging Strike
0-1: Ball
1-1: Foul Ball, location: 2F
1-2: SINGLE (Groundball, 34D, EV 108.1 MPH)
Anastasio Ramos to third
Ron Account to second
Runner from 3rd tries for Home, SAFE, throw by RF to home
Batting: LHB Paolo Pacheco 0-0: Ball
1-0: Foul Ball, location: 2F
1-1: Called Strike
1-2: Ball
2-2: Strikes out swinging
Bottom of the 4th over - 1 run, 3 hits, 0 errors, 2 left on base; Cleveland 3 - San Francisco 3
TOP OF THE 5TH
Cleveland Guardians batting - Pitching for San Francisco Giants : LHP Jerry Franklin
Batting: LHB José Consiglio 0-0: Ball
1-0: Called Strike
1-1: Swinging Strike
1-2: Ground out 5-3 (Groundball, 56, EV 100.0 MPH)
Batting: RHB José Rodríguez 0-0: Ball
1-0: Ball
2-0: SINGLE (Groundball, 6MD, EV 102.5 MPH) (infield hit)
Batting: RHB Wilfred Sanders 0-0: Called Strike
0-1: Ball
1-1: SINGLE (Groundball, 4MD, EV 103.8 MPH) (infield hit)
José Rodríguez to second
Batting: RHB Jeff Jacobs 0-0: Ball
1-0: Foul Ball, location: 3FF
1-1: Swinging Strike
1-2: Fly out, F3 (Popup, 3SF, EV 83.1 MPH)
Batting: LHB Jesús Garza 0-0: Ball
1-0: Ball
2-0: Ball
3-0: Called Strike
3-1: Base on Balls
José Rodríguez to third
Wilfred Sanders to second
Batting: RHB Jorge Velázquez 0-0: Ball
1-0: Ball
2-0: Ball
3-0: Called Strike
3-1: SINGLE (Line Drive, 78M, EV 90.6 MPH)
José Rodríguez scores
Wilfred Sanders to third
Jesús Garza to second
Runner from 3rd tries for Home, SAFE, throw by CF to home
Pitching: RHP Doug Maze
Batting: SHB Tim Webster 0-0: Ball
1-0: Ball
2-0: Called Strike
2-1: Foul Ball, location: 7LSF
2-2: Ground out 6-3 (Groundball, 56, EV 104.4 MPH)
Top of the 5th over - 2 runs, 3 hits, 0 errors, 2 left on base; Cleveland 5 - San Francisco 3
BOTTOM OF THE 5TH
San Francisco Giants batting - Pitching for Cleveland Guardians : RHP Alex Mills
Batting: RHB Pat Rice 0-0: Ball
1-0: Called Strike
1-1: Ball
2-1: SINGLE (Line Drive, 7LS, EV 101.3 MPH)
Batting: LHB Mario Mendoza 0-0: Called Strike
0-1: Ball
1-1: Ball
2-1: Foul Ball, location: 2F
2-2: Foul Ball, location: 9LSF
2-2: Fly out, F7 (Flyball, 7LS, EV 90.0 MPH)
Batting: LHB Jeremy Price 0-0: Foul Ball, location: 5FF
0-1: Ball
1-1: Ball
2-1: Grounds into double play, 4-6-3 (Groundball, 4, EV 75.6 MPH)
Bottom of the 5th over - 0 runs, 1 hit, 0 errors, 0 left on base; Cleveland 5 - San Francisco 3
TOP OF THE 6TH
Cleveland Guardians batting - Pitching for San Francisco Giants : RHP Doug Maze
Batting: LHB Juan Morales 0-0: Ball
1-0: Ball
2-0: Ball
3-0: Base on Balls
Batting: LHB Stan Walton 0-0: Called Strike
0-1: Ball
1-1: Swinging Strike
1-2: Strikes out swinging
Batting: LHB José Consiglio 0-0: Ball
1-0: Ball
2-0: Ball
3-0: Foul Ball, location: 2F
3-1: Grounds into double play, 4-6-3 (Groundball, 4, EV 105.6 MPH)
Top of the 6th over - 0 runs, 0 hits, 0 errors, 0 left on base; Cleveland 5 - San Francisco 3
BOTTOM OF THE 6TH
San Francisco Giants batting - Pitching for Cleveland Guardians : RHP Alex Mills
Batting: RHB Lou MacDonald 0-0: Called Strike
0-1: Foul Ball, location: 2F
0-2: Ball
1-2: Strikes out looking
Batting: RHB José Solís 0-0: Ball
1-0: Ball
2-0: Swinging Strike
2-1: Ball
3-1: Foul Ball, location: 2F
3-2: DOUBLE (Flyball, 78D, EV 111.9 MPH)
Batting: RHB Anastasio Ramos 0-0: Ground out 6-3 (Groundball, 6, EV 81.9 MPH)
Batting: RHB Ron Account 0-0: Foul Ball, location: 3FF
0-1: Called Strike
0-2: SINGLE (Line Drive, 78S, EV 108.1 MPH)
José Solís to third
Runner from 3rd tries for Home, SAFE, throw by LF to home
Batting: LHB Deron Ferrell 0-0: 2-RUN HOME RUN (Flyball, 78XD, EV 110.6 MPH), Distance : 432 ft
Pitching: RHP José Ayala
Batting: LHB Paolo Pacheco 0-0: Ball
1-0: Called Strike
1-1: Fly out, F8 (Flyball, 8LXD, EV 71.3 MPH)
Bottom of the 6th over - 3 runs, 3 hits, 0 errors, 0 left on base; Cleveland 5 - San Francisco 6
TOP OF THE 7TH
Cleveland Guardians batting - Pitching for San Francisco Giants : RHP Doug Maze
Pitching: RHP Mike Thomas
Batting: RHB José Rodríguez 0-0: Called Strike
0-1: DOUBLE (Line Drive, 89D, EV 101.3 MPH)
Batting: RHB Wilfred Sanders 0-0: Swinging Strike
0-1: SINGLE (Groundball, 4MD, EV 98.8 MPH)
José Rodríguez to third
Batting: RHB Jeff Jacobs 0-0: Fly out, F7 (Line Drive, 7, EV 94.4 MPH)
Batting: LHB Jesús Garza 0-0: Called Strike
0-1: Ball
1-1: Ball
2-1: Swinging Strike
2-2: Foul Ball, location: 2F
2-2: Strikes out looking
Batting: RHB Jorge Velázquez 0-0: Ball
1-0: Called Strike
1-1: Ball
2-1: Ball
3-1: Foul Ball, location: 5F
3-2: Foul Ball, location: 2F
3-2: Base on Balls
Wilfred Sanders to second
Batting: SHB Tim Webster 0-0: Ball
1-0: Ball
2-0: Ball
3-0: Base on Balls
José Rodríguez scores
Wilfred Sanders to third
Jorge Velázquez to second
Pitching: RHP Jorge Cisneros
Batting: LHB Juan Morales 0-0: Ball
1-0: Fly out, F8 (Flyball, 8RM, EV 97.5 MPH)
Top of the 7th over - 1 run, 2 hits, 0 errors, 3 left on base; Cleveland 6 - San Francisco 6
BOTTOM OF THE 7TH
San Francisco Giants batting - Pitching for Cleveland Guardians : RHP José Ayala
Batting: RHB Pat Rice 0-0: Ball
1-0: Fly out, F8 (Flyball, 8LD, EV 89.4 MPH)
Batting: LHB Mario Mendoza 0-0: Swinging Strike
0-1: Ball
1-1: Ball
2-1: Hit by Pitch
Batting: LHB Jeremy Price 0-0: Ball
Wild Pitch!
Mario Mendoza to second
1-0: Called Strike
1-1: Ball
2-1: Foul Ball, location: 7LSF
2-2: Foul Ball, location: 9LDF
2-2: Ground out U3 (Groundball, 3S, EV 87.5 MPH)
Mario Mendoza to third
Pinch Hitting: LHB Leon Brooks 0-0: Ball
1-0: Swinging Strike
1-1: Ball
2-1: SINGLE (Groundball, 56, EV 106.3 MPH) (infield hit)
Mario Mendoza scores
Batting: RHB José Solís 0-0: Called Strike
0-1: Ground out 6-3 (Groundball, 6S, EV 68.1 MPH)
Bottom of the 7th over - 1 run, 1 hit, 0 errors, 1 left on base; Cleveland 6 - San Francisco 7
TOP OF THE 8TH
Cleveland Guardians batting - Pitching for San Francisco Giants : RHP Jorge Cisneros
Now at 3B: Gavino Giardina
Batting: LHB Stan Walton 0-0: Called Strike
0-1: Fly out, F4 (Popup, 34D, EV 55.6 MPH)
Batting: LHB José Consiglio 0-0: Ball
1-0: Called Strike
1-1: Foul Ball, location: 5F
1-2: Ball
2-2: Ground out 5-3 (Groundball, 5, EV 97.5 MPH)
Pinch Hitting: SHB Kevin Brackett 0-0: Ball
1-0: Ball
2-0: Foul Ball, location: 25FF
2-1: Fly out, F4 (Popup, 4D, EV 63.1 MPH)
Top of the 8th over - 0 runs, 0 hits, 0 errors, 0 left on base; Cleveland 6 - San Francisco 7
BOTTOM OF THE 8TH
San Francisco Giants batting - Pitching for Cleveland Guardians : RHP José Ayala
Now at SS: Josh Wilson
Batting: RHB Anastasio Ramos 0-0: Ground out 1-3 (Groundball, 15S, EV 70.6 MPH)
Batting: RHB Ron Account 0-0: Swinging Strike
0-1: Ball
1-1: Swinging Strike
1-2: Strikes out swinging
Batting: LHB Deron Ferrell 0-0: Ball
1-0: Fly out, F8 (Flyball, 89D, EV 106.9 MPH)
Bottom of the 8th over - 0 runs, 0 hits, 0 errors, 0 left on base; Cleveland 6 - San Francisco 7
TOP OF THE 9TH
Cleveland Guardians batting - Pitching for San Francisco Giants : RHP Jorge Cisneros
Batting: RHB Wilfred Sanders 0-0: Called Strike
0-1: Ball
1-1: SINGLE (Line Drive, 9S, EV 100.0 MPH)
Pitching: RHP Dan Collins
Batting: RHB Jeff Jacobs 0-0: Foul Ball, location: 25F
0-1: Ball
1-1: Called Strike
1-2: DOUBLE (Line Drive, 5D, EV 103.1 MPH)
Wilfred Sanders to third
Runner from 3rd tries for Home, SAFE, throw by LF to trailing runner, SAFE at third!
Batting: LHB Jesús Garza 0-0: Intentional Walk
Batting: RHB Jorge Velázquez 0-0: Ball
1-0: Fly out, F5 (Popup, 5S, EV 80.6 MPH)
Batting: SHB Tim Webster 0-0: Ball
1-0: Swinging Strike
1-1: Ball
2-1: Swinging Strike
2-2: Ball
3-2: Strikes out swinging
Batting: LHB Juan Morales 0-0: Swinging Strike
0-1: Ball
1-1: Foul Ball, location: 3DF
1-2: Foul Ball, location: 5SF
1-2: Strikes out swinging
Top of the 9th over - 1 run, 2 hits, 0 errors, 2 left on base; Cleveland 7 - San Francisco 7
BOTTOM OF THE 9TH
San Francisco Giants batting - Pitching for Cleveland Guardians : RHP José Ayala
Pitching: RHP Raúl Llanet
Batting: LHB Paolo Pacheco 0-0: Foul Ball, location: 2F
0-1: Ground out U3 (Groundball, 3S, EV 68.8 MPH)
Batting: RHB Pat Rice 0-0: Called Strike
0-1: Ball
1-1: Called Strike
1-2: Ball
2-2: Foul Ball, location: 2F
2-2: Strikes out looking
Batting: LHB Mario Mendoza 0-0: Called Strike
0-1: Ball
1-1: Foul Ball, location: 23FF
1-2: Strikes out swinging
Bottom of the 9th over - 0 runs, 0 hits, 0 errors, 0 left on base; Cleveland 7 - San Francisco 7
TOP OF THE 10TH
Cleveland Guardians batting - Pitching for San Francisco Giants : RHP Dan Collins
Juan Morales starts the inning at 2nd base.
Pitching: RHP Dan Horton
Batting: LHB Stan Walton 0-0: Called Strike
0-1: Ball
1-1: Called Strike
1-2: Strikes out looking
Batting: LHB José Consiglio 0-0: Intentional Walk
Pinch Hitting: SHB José Valentín 0-0: Called Strike
0-1: Swinging Strike
0-2: Foul Ball, location: 25FF
0-2: Foul Ball, location: 7LMF
0-2: Strikes out swinging
Batting: RHB Wilfred Sanders 0-0: Called Strike
0-1: Called Strike
0-2: 3-RUN HOME RUN (Flyball, 8LXD, EV 103.1 MPH), Distance : 424 ft
Batting: RHB Jeff Jacobs 0-0: Ball
1-0: Called Strike
1-1: Ball
2-1: Foul Ball, location: 2F
2-2: Ground out 5-3 (Groundball, 5, EV 89.4 MPH)
Top of the 10th over - 3 runs, 1 hit, 0 errors, 0 left on base; Cleveland 10 - San Francisco 7
BOTTOM OF THE 10TH
San Francisco Giants batting - Pitching for Cleveland Guardians : RHP Raúl Llanet
Mario Mendoza starts the inning at 2nd base.
Now at SS: Ken Miller
Batting: LHB Jeremy Price 0-0: Called Strike
0-1: Ball
1-1: Ground out U3 (Groundball, 3S, EV 73.1 MPH)
Mario Mendoza to third
Batting: RHB Gavino Giardina 0-0: Called Strike
0-1: Ground out 2-3 (Groundball, 15S, EV 76.9 MPH)
Batting: RHB José Solís 0-0: SINGLE (Line Drive, 56, EV 94.4 MPH)
Mario Mendoza scores
Batting: RHB Anastasio Ramos 0-0: SINGLE (Groundball, 34D, EV 104.4 MPH)
José Solís to second
Pinch Runner at 2nd Luis Hernández:
Batting: RHB Ron Account 0-0: Ball
1-0: Ball
2-0: Ball
3-0: Called Strike
3-1: Base on Balls
Luis Hernández to third
Anastasio Ramos to second
Batting: LHB Deron Ferrell 0-0: Ball
1-0: Called Strike
1-1: Ball
2-1: Ball
3-1: Foul Ball, location: 25F
3-2: Foul Ball, location: 2F
3-2: Foul Ball, location: 2F
3-2: Base on Balls
Luis Hernández scores
Anastasio Ramos to third
Ron Account to second
Batting: LHB Paolo Pacheco 0-0: Foul Ball, location: 2F
0-1: Foul Ball, location: 2F
0-2: Strikes out looking
Bottom of the 10th over - 2 runs, 2 hits, 0 errors, 3 left on base; Cleveland 10 - San Francisco 9
Sunday, March 24th , 2024 - OOTP Baseball 24.10 Build 82